 Dungeon Crawl Stone Soup version 0.27-a0-660-g90476cec82 (webtiles) character file.

Game seed: 10650714342215771970

206 zzzxxxcccvvv the Ogre Mage (level 5, -1/45 HPs)
             Began as an Ogre Hedge Wizard on Mar 16, 2021.
             Killed by nerve-wracking pain
             ... invoked by Grinder
              (7 damage)
             ... on level 3 of the Dungeon.
             The game lasted 00:23:13 (5090 turns).

zzzxxxcccvvv the Ogre Mage (Ogre Hedge Wizard)      Turns: 5090, Time: 00:23:13

Health: -1/45      AC:  5    Str: 14    XL:     5   Next: 84%
Magic:  10/13      EV:  9    Int: 16    God:
Gold:   83         SH:  0    Dex:  8    Spells: 14/15 levels left

rFire    . . .     SeeInvis .   a - +3 short sword
rCold    . . .     Faith    .   (no shield)
rNeg     . . .     Spirit   .   b - +0 robe
rPois    +         Reflect  .   c - +0 hat
rElec    .         Harm     .   s - +1 cloak {rPois}
rCorr    .         Rampage  .   (gloves unavailable)
Will     .....                  (boots unavailable)
Stlth    +.........             (no amulet)
HPRegen  0.15/turn              (no ring)
MPRegen  0.13/turn              (no ring)

@: no status effects
A: large, unfitting armour, tough skin 1
a: no special abilities


You were on level 3 of the Dungeon.
You visited 1 branch of the dungeon, and saw 3 of its levels.

You collected 83 gold pieces.

Inventory:

Hand Weapons
 a - a +3 short sword (weapon)
Missiles
 f - 45 poisoned darts
Armour
 b - a +0 robe (worn)
 c - a +0 hat (worn)
 s - a +1 cloak of poison resistance (worn)
Jewellery
 l - a ring of positive energy
Wands
 m - a wand of mindburst (13)
 r - a wand of random effects (20)
Scrolls
 d - a scroll of fear {unknown}
 g - 2 scrolls of identify {unknown}
 i - a scroll of enchant armour {unknown}
 n - a scroll of immolation {unknown}
 o - a scroll of teleportation {unknown}
 q - a scroll of amnesia {unknown}
Potions
 e - a potion of berserk rage {unknown}
 h - 2 potions of magic {unknown}
 j - a potion of brilliance {unknown}
 k - 2 potions of curing
 p - a potion of heal wounds {unknown}


   Skills:
 - Level 1.7 Dodging
 - Level 1.4 Stealth
 + Level 5.6 Spellcasting
 + Level 3.5 Conjurations
 - Level 0.8 Summonings
 - Level 0.8 Translocations


You had 14 spell levels left.
You knew the following spells:

 Your Spells              Type           Power      Damage    Failure   Level
a - Magic Dart            Conj           60%        1d6       3%          1

Your spell library contained the following spells:

 Spells                   Type           Power      Damage    Failure   Level
 Blink                    Tloc           N/A        N/A       16%         2
 Call Imp                 Summ           7%         N/A       16%         2
 Conjure Flame            Conj/Fire      10%        6-21      21%         3
 Slow                     Hex            4%         N/A       22%         2
 Mephitic Cloud           Conj/Pois/Air  8%         N/A       26%         3


Dungeon Overview and Level Annotations

Branches:
Dungeon (3/15)

Altars:

Annotations:
D:3 Grinder


Innate Abilities, Weirdness & Mutations

You are too large for most types of armour.
You have tough skin. (AC +1)


Message History

The goblin shouts!
You hit Grinder.
Grinder is moderately wounded.
Grinder gestures at you. You resist with significant effort. Grinder hits you.
You hit Grinder.
Grinder is heavily wounded.
Grinder closely misses you.
You closely miss Grinder.
Grinder is heavily wounded.
The goblin throws a boomerang.
The boomerang hits you. Grinder hits you.
You writhe in agony.
Your magical contamination has completely faded away.
You puncture Grinder!
Grinder is severely wounded.
Grinder drinks a potion.
Grinder is healed!
You hit Grinder.
Grinder is heavily wounded.
Grinder gestures at you.
You struggle to resist.
Grinder hits you.
You writhe in agony.
You hit Grinder but do no damage.
Grinder is heavily wounded.
Grinder barely misses you.
You hit Grinder.
Grinder is heavily wounded.
Grinder hits you.
You writhe in agony.
Grinder gestures at you.
You suddenly lose the ability to move!
Grinder gestures at you. Pain shoots through your body!
* * * LOW HITPOINT WARNING * * *
Grinder gestures at you.
You shrug off the repeated paralysis!
Grinder hits you!
* * * LOW HITPOINT WARNING * * *
You can move again.
Grinder gestures at you. Pain shoots through your body!
You die...

#......# #.................
#......# #.................
#......# #.................
#......# #####.............
#.^....# ###...........
###).....# ##..........
#.....(..# #..........
#.#......##########..........
#.#......g5.@................
#####.####.#.##########..........
......####.#....................#
...........#g.........##........[
.......#####..........##...###...
.....#.# #..........######.....
.......#####.................##..
.....####..........###.#######..#
.....# #..............###.......


You could see Grinder and a goblin.

Vanquished Creatures
  A howler monkey (D:2)
  Crazy Yiuf (D:3)
  Ijyb (D:3)
  3 adders
  6 worms
  A dart slug (D:3)
  A leopard gecko (D:2)
  4 orcs (D:3)
  3 ball pythons
  6 bats
  3 giant cockroaches (D:3)
  6 goblins
  4 hobgoblins
  2 quokkas (D:2)
  7 frilled lizards
  9 kobolds
  15 rats
73 creatures vanquished.

Notes
Turn   | Place    | Note
-------+----------+-------------------------------------------
     0 | D:1      | zzzxxxcccvvv the Ogre Hedge Wizard began the quest for the
                  | Orb.
     0 | D:1      | Reached XP level 1. HP: 16/16 MP: 5/5
    46 | D:1      | Reached skill level 1 in Conjurations
   205 | D:1      | Reached XP level 2. HP: 24/24 MP: 3/6
   293 | D:1      | Reached skill level 4 in Spellcasting
  1113 | D:2      | Reached XP level 3. HP: 7/31 MP: 2/8
  1572 | D:2      | Reached XP level 4. HP: 20/39 MP: 4/10
  3007 | D:2      | Reached skill level 5 in Spellcasting
  3544 | D:3      | Reached XP level 5. HP: 41/45 MP: 7/12
  3710 | D:3      | Found a glowing drain.
  3846 | D:3      | Noticed Ijyb
  3866 | D:3      | Killed Ijyb
  4254 | D:3      | Noticed Grinder
  4652 | D:3      | Found a runed translucent door.
  4653 | D:3      | Noticed Crazy Yiuf
  4664 | D:3      | Killed Crazy Yiuf
  5085 | D:3      | Paralysed by Grinder for 5 turns
  5090 | D:3      | Killed from afar by Grinder

Illustrated notes

Levels and vault maps discovered:
D:1:      dpeg_arrival_round_c, layout_loops_cross
D:2:      layout_basic, minmay_liquid_box, minmay_misc_feat_roman,
          minmay_tetromino_l2
D:3:      layout_rooms, cheibrodos_sewer_entry_drain, uniq_crazy_yiuf_cottage,
          uniq_grinder, uniq_ijyb

Skill      XL: |  1  2  3  4 |
---------------+-------------+-----
Conjurations   | 1 2 3 |  3.5
Spellcasting   | 4 5 |  5.6
Dodging        | |  1.7
Stealth        | |  1.4
Summonings     | |  0.8
Translocations | |  0.8

Action                   |  1- 3 |  4- 6 || total
-------------------------+-------+-------++-------
Melee: Dagger            |    55 |    16 ||    71
       Short sword       |       |    37 ||    37
 Cast: Magic Dart        |    48 |   165 ||   213
 Stab: Sleeping          |     2 |       ||     2
Armor: Robe              |    14 |    14 ||    28
Dodge: Dodged            |    17 |    23 ||    40

Table legend: (Time is in decaauts)
 A = Elapsed time spent in this place.
 B = Non-inter-level travel time spent in this place.
 C = Inter-level travel time spent in this place.
 D = Time resting spent in this place.
 E = Time spent auto-exploring this place.
 F = Levels seen in this place.
 G = Mean time per level.
                   A        B        C        D        E       F      G
               +--------+--------+--------+--------+--------+-----+--------+
         Total |   5099 |   4947 |    152 |   1975 |   1936 |   3 | 1699.7 |
       Dungeon |   5099 |   4947 |    152 |   1975 |   1936 |   3 | 1699.7 |
               +--------+--------+--------+--------+--------+-----+--------+

Top non-repeatable levels by time:
     D:2: 1950 daAuts
     D:1: 1818 daAuts
     D:3: 1329 daAuts
